 Dungeon Crawl Stone Soup version 0.27-a0-380-g150de4c316 (webtiles) character file.

Game seed: 4200147254826008825

1256 lunkers the Slinger (level 8, 0/57 HPs)
             Began as a Halfling Hunter on Feb 17, 2021.
             Slain by a two-headed ogre
             ... wielding a +0 giant club
              (14 damage)
             ... on level 6 of the Dungeon.
             The game lasted 00:09:03 (6521 turns).

lunkers the Slinger (Halfling Hunter)               Turns: 6521, Time: 00:09:04

Health: 0/57       AC:  7    Str: 15    XL:     8   Next: 81%
Magic:  8/8        EV: 13    Int:  9    God:
Gold:   444        SH: 11    Dex: 15    Spells: 7/7 levels left

rFire    . . .     SeeInvis .   a - +1 hunting sling
rCold    . . .     Faith    .   C - +0 buckler
rNeg     . . .     Spirit   .   l - +0 ring mail
rPois    .         Reflect  +   k - +0 helmet
rElec    .         Harm     .   (no cloak)
rCorr    .         Rampage  .   (no gloves)
Will     .....                  x - +0 pair of boots
Stlth    +.........             y - amulet of reflection
HPRegen  0.19/turn              (no ring)
MPRegen  0.11/turn              (no ring)

@: no status effects
A: small, mutation resistance 1
a: no special abilities


You were on level 6 of the Dungeon.
You visited 1 branch of the dungeon, and saw 7 of its levels.

You collected 499 gold pieces.
You spent 55 gold pieces at shops.

Inventory:

Hand Weapons
 a - a +1 hunting sling (weapon)
 b - a +2 short sword of protection
 q - a +0 short sword
Missiles
 d - 31 sling bullets (quivered ammo)
 i - 223 stones
Armour
 k - a +0 helmet (worn)
 l - a +0 ring mail (worn)
 x - a +0 pair of boots (worn)
 C - a +0 buckler (worn)
Jewellery
 e - an amulet of the acrobat {unknown}
 y - an amulet of reflection (around neck)
 E - an amulet of regeneration {unknown}
Scrolls
 f - 10 scrolls of identify {unknown}
 g - 3 scrolls of random uselessness {unknown}
 m - 3 scrolls of immolation {unknown}
 p - 2 scrolls of fear {unknown}
 s - 2 scrolls of enchant armour {unknown}
 u - 2 scrolls of teleportation {unknown}
 D - a scroll of noise {unknown}
Potions
 c - a potion of lignification {unknown}
 h - 2 potions of haste {unknown}
 j - 4 potions of heal wounds
 n - 3 potions of curing {unknown}
 o - 2 potions of ambrosia {unknown}
 r - 3 potions of mutation {unknown}
 v - a potion of invisibility {unknown}
 w - a potion of attraction {unknown}
 z - a potion of cancellation {unknown}
 A - a potion of berserk rage {unknown}
 B - a potion of resistance {unknown}


   Skills:
 + Level 6.3 Fighting
 + Level 11.0 Slings
 - Level 2.1 Dodging
 - Level 1.1 Stealth
 + Level 3.3 Shields


You had 7 spell levels left.
You didn't know any spells.
Your spell library contained the following spells:

 Spells                   Type           Power        Failure   Level
 Corona                   Hex            0%           69%         1
 Ensorcelled Hibernation  Hex/Ice        0%           83%         2
 Confusing Touch          Hex            0%           96%         3
 Dazzling Flash           Conj/Hex       0%           96%         3
 Tukima's Dance           Hex            0%           96%         3


Dungeon Overview and Level Annotations

Branches:
Dungeon (7/15)
 Temple: D:4-7

Altars:
Cheibriados
Elyvilon
Fedhas
Hepliaklqana
Makhleb
Sif Muna
Vehumet
Wu Jian

Shops:
D:4 !


Innate Abilities, Weirdness & Mutations

You are small and have problems with some larger weapons.
You are somewhat resistant to further mutation.


Message History

You shoot a stone.
The stone barely misses the two-headed ogre.
The two-headed ogre hits you with a +0 giant club!
You block the two-headed ogre's attack.
You climb upwards.
There is a stone staircase leading down here.
Okay, then.
Aiming: Corrosive Bolt
Press: ? - help, Shift-Dir - straight line, f - two-headed ogre
Aim: a two-headed ogre, wielding two +0 giant clubs (lightly wounded, 14% to evade)
The bolt of acid hits the two-headed ogre!
The two-headed ogre is splashed with acid!
The acid corrodes the two-headed ogre!
The two-headed ogre is heavily wounded.
The now-empty wand crumbles to dust.
You block the two-headed ogre's attack.
The two-headed ogre hits you but does no damage.
You shoot a stone.
The stone hits the two-headed ogre but does no damage.
The two-headed ogre is heavily wounded.
You shoot a stone.
The stone hits the two-headed ogre but does no damage.
The two-headed ogre is heavily wounded.
The two-headed ogre hits you with a +0 giant club!
The two-headed ogre hits you with a +0 giant club!!
* * * LOW HITPOINT WARNING * * *
Fire: 33 sling bullets
Press: ? - help, Q - select action, (/) - cycle Shift-Dir - straight line, f/p - two-headed ogre
Aim: a two-headed ogre, wielding two +0 giant clubs (heavily wounded, covered in acid, 80% to hit)
You shoot a sling bullet.
The sling bullet hits the two-headed ogre.
The two-headed ogre is severely wounded.
Fire: 32 sling bullets
Press: ? - help, Q - select action, (/) - cycle Shift-Dir - straight line, f/p - two-headed ogre
Aim: a two-headed ogre, wielding two +0 giant clubs (severely wounded, covered in acid, 80% to hit)
You shoot a sling bullet.
The sling bullet hits the two-headed ogre!
The two-headed ogre is almost dead.
The two-headed ogre closely misses you.
The two-headed ogre hits you with a +0 giant club!
You die...

......# #.........##
##..## # .....##
#..........## ##..##
.....# ##...........##
###..### ....##
#.............# ##......#
....#
##............####........
#..## #............##
#......... #..#
#............# ##.........
#### ##...........##
#.......... #........O@..#
##..........
#..#.....>####
#...........
#####.#########
##........... ##..#..#
#............ ##.....####
#............
#.........###
#............
#...........#
##...........
............# ##..........
#..........## ####.#####.


You could see a two-headed ogre (corroded).

Vanquished Creatures
  An orc warrior (D:6)
  An ogre (D:4)
  A centaur (D:5)
  2 phantoms
  2 bullfrogs (D:6)
  5 hounds
  A jelly (D:6)
  2 orc priests
  2 bullfrog skeletons
  Ijyb (D:3)
  4 worker ants
  An orc wizard (D:5)
  4 adders (D:3)
  6 river rats (D:5)
  3 white imps
  2 ufetubi (D:6)
  3 oozes
  An adder zombie (D:5)
  3 worms
  A dart slug (D:1)
  5 leopard geckos
  7 orcs
  3 giant cockroaches
  19 goblins
  14 hobgoblins
  5 jackals
  9 kobolds
  7 quokkas (D:5)
  A ball python (D:6)
  7 bats
  8 frilled lizards
  A leopard gecko skeleton (D:4)
  25 rats
157 creatures vanquished.

Vanquished Creatures (others)
  An iguana (D:5)
  An adder (D:5)
  A leopard gecko (D:5)
  5 toadstools (D:1)
8 creatures vanquished.

Grand Total: 165 creatures vanquished

Notes
Turn   | Place    | Note
-------+----------+-------------------------------------------
     0 | D:1      | lunkers the Halfling Hunter began the quest for the Orb.
     0 | D:1      | Reached XP level 1. HP: 14/14 MP: 1/1
    39 | D:1      | Reached skill level 6 in Slings
    44 | D:1      | Reached XP level 2. HP: 19/19 MP: 2/2
   281 | D:1      | Reached XP level 3. HP: 25/25 MP: 3/3
   695 | D:2      | Found a blossoming altar of Fedhas.
   793 | D:2      | Reached XP level 4. HP: 30/30 MP: 4/4
   986 | D:2      | Reached skill level 7 in Slings
  1110 | D:2      | Found a radiant altar of Vehumet.
  1344 | D:3      | Found a snail-covered altar of Cheibriados.
  1657 | D:3      | Reached XP level 5. HP: 35/36 MP: 5/5
  1887 | D:3      | Noticed Ijyb
  1991 | D:3      | Killed Ijyb
  2264 | D:3      | Found a hazy altar of Hepliaklqana.
  2297 | D:3      | Reached skill level 8 in Slings
  2364 | D:3      | Reached XP level 6. HP: 35/43 MP: 6/6
  3022 | D:4      | Found a white marble altar of Elyvilon.
  3307 | D:4      | Noticed an ogre
  3652 | D:4      | Killed an ogre
  3653 | D:4      | Reached skill level 9 in Slings
  3653 | D:4      | Reached XP level 7. HP: 49/49 MP: 7/7
  3805 | D:4      | Found a shimmering blue altar of Sif Muna.
  3805 | D:4      | Found a burning altar of Makhleb.
  3843 | D:4      | Found Ipurghurph's Distillery.
  3846 | D:4      | Bought a potion of heal wounds for 55 gold pieces
  4054 | D:5      | Entered Level 5 of the Dungeon
  4264 | D:5      | Reached skill level 5 in Fighting
  4775 | D:5      | Reached skill level 10 in Slings
  4988 | D:5      | Reached XP level 8. HP: 56/56 MP: 8/8
  5275 | D:5      | Reached skill level 1 in Shields
  5598 | D:6      | Found an ornate altar of the Wu Jian Council.
  6043 | D:6      | Reached skill level 11 in Slings
  6509 | D:7      | Noticed a two-headed ogre
  6521 | D:6      | Slain by a two-headed ogre

Illustrated notes

Levels and vault maps discovered:
D:1:      giann_bridges, layout_basic, minmay_gold_behind_fungi,
          minmay_pentomino_r2
D:2:      layout_basic, lemuel_round_altar, fedhas_altar_2, lemuel_old_faithful
D:3:      kennysheep_goblin_castle, layout_basic, old_standard_altar,
          nzn_hepliaklqana_mist_gate
D:4:      layout_loops_ring, elyvilon_altar_3,
          gammafunk_temple_overflow_elements, serial_shops, kennysheep_mini
D:5:      lemuel_ratsnest, layout_rooms, roderic_lattice_a, lemuel_flame_loot_1
D:6:      layout_cave_pods, nzn_wu_jian_contemplation, corexii_leaking_fountain
D:7:      layout_basic, overflow_temple_1_default, lemuel_crystal_altar,
          temple_fountains, sigmund_edmund_badplayer

Skill      XL: |  1  2  3  4  5  6  7  8 |
---------------+-------------------------+-----
Slings         | 6 7 8 9 10 11 | 11.0
Fighting       | 2 3 4 5 6 |  6.3
Shields        | 3 |  3.3
Dodging        | |  2.1
Stealth        | |  1.1

Action                   |  1- 3 |  4- 6 |  7- 9 || total
-------------------------+-------+-------+-------++-------
 Fire: Hunting sling     |    86 |   259 |   319 ||   664
Evoke: Wand              |       |     1 |     3 ||     4
Armor: Leather armour    |     2 |       |       ||     2
       Ring mail         |     1 |    28 |    18 ||    47
Dodge: Dodged            |     9 |    70 |    54 ||   133
Block: Buckler           |       |       |    24 ||    24

Table legend: (Time is in decaauts)
 A = Elapsed time spent in this place.
 B = Non-inter-level travel time spent in this place.
 C = Inter-level travel time spent in this place.
 D = Time resting spent in this place.
 E = Time spent auto-exploring this place.
 F = Levels seen in this place.
 G = Mean time per level.
                   A        B        C        D        E       F      G
               +--------+--------+--------+--------+--------+-----+--------+
         Total |   6382 |   6130 |    252 |      0 |   5197 |   7 |  911.7 |
       Dungeon |   6382 |   6130 |    252 |      0 |   5197 |   7 |  911.7 |
               +--------+--------+--------+--------+--------+-----+--------+

Top non-repeatable levels by time:
     D:3: 1674 daAuts
     D:5: 1345 daAuts
     D:4: 1051 daAuts
     D:6: 1033 daAuts
     D:1: 692 daAuts
     D:2: 579 daAuts
     D:7: 4 daAuts
